 Dungeon Crawl Stone Soup version 0.31-a0-940-gdaa99269f9 (webtiles) character file.

Game seed: 7435394295684038735

8181 Ahpoh the Carver (level 11, -12/87 HPs)
             Began as a Barachi Fighter on Oct 20, 2023.
             Was an Elder of Cheibriados.
             Killed by divine providence
             ... invoked by an orc priest
              (15 damage)
             ... on level 9 of the Dungeon.
             The game lasted 00:27:01 (9445 turns).

Ahpoh the Carver (Barachi Fighter)                  Turns: 9445, Time: 00:27:02

Health: -12/87     AC: 20    Str: 26    XL:     11   Next: 26%
Magic:  13/13      EV: 13    Int: 18    God:    Cheibriados [****..]
Gold:   369        SH:  7    Dex: 25    Spells: 10/10 levels left

rFire   . . .        a - +3 long sword
rCold   . . .        c - +0 buckler
rNeg    . . .        r - +0 chain mail
rPois   +            j - +0 helmet
rElec   .            k - +2 cloak {rPois}
rCorr   .            n - +1 pair of gloves
SInv    .            s - +0 pair of boots
Will    .....        (no amulet) Stlth
                     p - ring of wizardry
HPRegen 0.34/turn    (no ring)
MPRegen 0.13/turn

%: wizardry (x1)
@: very slow
A: amphibious, slowness 1, strong legs 1, +LOS
a: Hop, Renounce Religion, Bend Time, Temporal Distortion, Slouch


You were on level 9 of the Dungeon.
You worshipped Cheibriados.
Cheibriados was greatly pleased with you.
You visited 2 branches of the dungeon, and saw 10 of its levels.

You collected 423 gold pieces.
You spent 54 gold pieces at shops.

Inventory:

Hand Weapons
 a - a +3 long sword (weapon)
 z - a +2 glaive of flaming
 A - a +1 halberd
Missiles
 d - 16 poisoned darts
 x - a throwing net
Armour
 c - a +0 buckler (worn)
 j - a +0 helmet (worn)
 k - a +2 cloak of poison resistance (worn)
 n - a +1 pair of gloves (worn)
 r - a +0 chain mail (worn)
 s - a +0 pair of boots (worn)
Jewellery
 p - a ring of wizardry (left hand)
 v - a ring of fire
 B - an amulet of guardian spirit
Wands
 i - a wand of acid (3)
Scrolls
 e - a scroll of brand weapon {unknown}
 g - a scroll of fog {unknown}
 h - a scroll of revelation {unknown}
 o - 2 scrolls of butterflies
 t - 2 scrolls of poison
 w - a scroll of fear {unknown}
 y - a scroll of silence {unknown}
 C - a scroll of noise {unknown}
 D - a scroll of immolation {unknown}
 G - a scroll of blinking {unknown}
Potions
 b - a potion of berserk rage {unknown}
 f - a potion of resistance
 l - 3 potions of enlightenment
 m - a potion of brilliance
 q - a potion of magic {unknown}
 u - a potion of curing
 F - a potion of attraction {unknown}
 H - a potion of lignification {unknown}


   Skills:
 * Level 8.6 Fighting
 * Level 13.0 Long Blades
 * Level 9.8 Armour
 * Level 5.7 Dodging
 * Level 7.2 Shields
 * Level 3.6 Invocations


You had 10 spell levels left.
You didn't know any spells.
Your spell library contained the following spells:

 Spells                   Type           Power      Damage    Failure   Level
 Foxfire                  Conj/Fire      0%         2x1d4     36%         1
 Blink                    Tloc           0%         N/A       50%         2
 Lesser Beckoning         Tloc           0%         N/A       50%         2
 Momentum Strike          Conj/Tloc      0%         3d8       50%         2
 Olgreb's Toxic Radiance  Pois           0%         N/A       98%         4
 Plasma Beam              Fire/Air       0%         2x1d10    100%        6
 Starburst                Conj/Fire      0%         6d3       100%        6
 Discord                  Hex            0%         N/A       100%        8
 Ignition                 Fire           0%         3d3       100%        8


Dungeon Overview and Level Annotations

Branches:
Dungeon (9/15)             Temple (1/1) D:4            Lair (0/5) D:8
    Orc: D:9-12

Altars:
Ashenzari
Cheibriados
Dithmenos
Elyvilon
Fedhas
Gozag
Hepliaklqana
Nemelex Xobeh
Okawaru
Qazlal
Sif Muna
Trog
Uskayaw
Vehumet
Wu Jian
Xom
Yredelemnul
Zin
The Shining One

Shops:
D:4 (   D:5 ?   D:6 *   D:8 ((

Annotations:
D:7 Jeremiah
D:8 1 runed translucent door, Forgeling's ghost, novice OpVM


Innate Abilities, Weirdness & Mutations

You are amphibious.
You cover ground slowly.
You can hop short distances.
You have an extended range of vision and can be seen from far away.


Message History

You swing at nothing.
You swing at nothing.
The orc priest calls down the wrath of Beogh upon you.
You struggle to resist.
You swing at nothing.
The orc priest looks braver for a moment.
You swing at nothing.
The orc priest hits you but does no damage.
You swing at nothing.
You swing at nothing.
The orc priest hits you but does no damage.
You swing at nothing.
The orc priest closely misses you.
You swing at nothing.
The orc priest completely misses you.
You swing at nothing.
You swing at nothing.
The orc priest calls down the wrath of Beogh upon you.
Pain shoots through your body!
You swing at nothing.
The orc priest closely misses you.
You swing at nothing.
The orc priest hits you from afar with a +0 trident.
You swing at nothing.
You swing at nothing.
The orc priest hits you from afar with a +0 trident!
* * * LOW HITPOINT WARNING * * *
You swing at nothing.
The orc priest mumbles some strange prayers to Beogh against you.
Beogh smites you!
* * * LOW HITPOINT WARNING * * *
You swing at nothing.
The orc priest mumbles some strange prayers to Beogh against you.
Beogh smites you!
* * * LOW HITPOINT WARNING * * *
You swing at nothing.
You swing at nothing.
The orc priest calls down the wrath of Beogh upon you.
You struggle to resist.
You swing at nothing.
The orc priest calls down the wrath of Beogh upon you.
Beogh smites you!
You die...

## .. #
.#####.####
..........
#.........
#@# #)# #o#
#o# ... ..#
..# ....
#...


You could see an orc priest and an orc.

Vanquished Creatures
  3 death yaks (D:8)
  Pikel (D:8)
  Joseph (D:7)
  Maggie (D:8)
  Psyche (D:8)
  2 trolls
  Grinder (D:3)
  A human (D:8)
  A wyvern (D:8)
  7 yaks (D:8)
  3 hogs (D:8)
  A steam dragon (D:4)
  A water moccasin (D:6)
  Edmund (D:6)
  An orc warrior (D:8)
  A sky beast (D:6)
  An ice beast (D:6)
  A black bear (D:6)
  3 centaurs
  A lemure (D:8)
  A kobold brigand (D:8)
  A phantom (D:6)
  4 bullfrogs
  5 wights
  5 killer bees (D:8)
  3 howler monkeys (D:8)
  4 jellies
  2 orc priests
  Crazy Yiuf (D:4)
  8 hounds
  2 gnoll boudas
  Natasha (thrice) (D:3)
  2 iguanas
  3 orc wizards
  8 gnolls
  5 adders
  2 river rats (D:8)
  2 shadow imps
  3 white imps
  4 ufetubi
  A worm (D:2)
  6 dart slugs
  27 orcs
  7 endoplasms
  3 giant cockroaches
  3 goblins
  3 hobgoblins
  8 kobolds
  A quokka (D:7)
  6 ball pythons
  2 bats
  3 frilled lizards
  5 rats
176 creatures vanquished.

Notes
Turn   | Place    | Note
-------+----------+-------------------------------------------
     0 | D:1      | Ahpoh the Barachi Fighter began the quest for the Orb.
     0 | D:1      | Reached XP level 1. HP: 18/18 MP: 1/1
   351 | D:1      | Reached XP level 2. HP: 25/25 MP: 2/2
   915 | D:2      | Reached XP level 3. HP: 30/30 MP: 3/3
  1210 | D:2      | Reached skill level 3 in Long Blades
  1575 | D:3      | Reached XP level 4. HP: 37/37 MP: 4/4
  1669 | D:3      | Noticed Grinder
  1679 | D:3      | Killed Grinder
  1680 | D:3      | Reached skill level 5 in Long Blades
  1680 | D:3      | Reached skill level 5 in Armour
  1680 | D:3      | Reached skill level 1 in Dodging
  1680 | D:3      | Reached XP level 5. HP: 34/43 MP: 5/5
  1680 | D:3      | Reached XP level 6. HP: 38/49 MP: 6/6
  1793 | D:3      | Noticed Natasha
  1804 | D:3      | Killed Natasha
  1957 | D:3      | Noticed Natasha
  1966 | D:3      | Killed Natasha
  2274 | D:3      | Noticed Natasha
  2298 | D:3      | Killed Natasha
  2870 | D:4      | Noticed a steam dragon
  2928 | D:4      | Killed a steam dragon
  2928 | D:4      | HP: 2/49 [something (13)]
  2929 | D:4      | Reached skill level 6 in Long Blades
  2929 | D:4      | Reached XP level 7. HP: 2/55 MP: 7/7
  3211 | D:4      | Found a blossoming altar of Fedhas.
  3288 | D:4      | Found a staircase to the Ecumenical Temple.
  3298 | Temple   | Entered the Ecumenical Temple
  3366 | Temple   | Became a worshipper of Cheibriados the Contemplative
  3544 | D:4      | Found a runed translucent door.
  3545 | D:4      | Noticed Crazy Yiuf
  3689 | D:4      | Found Seesha's Antique Weapon Shoppe.
  3802 | D:4      | Killed Crazy Yiuf
  3855 | D:5      | Entered Level 5 of the Dungeon
  3897 | D:5      | Identified the +5 broad axe "Vohoik" {pain, Will+}
  4207 | D:5      | Found a white marble altar of Elyvilon.
  4209 | D:5      | Found a hide-covered altar of Uskayaw.
  4216 | D:5      | Found a radiant altar of Vehumet.
  4271 | D:5      | Found Laeto's Magic Scroll Emporium.
  4283 | D:5      | Bought a scroll of identify for 24 gold pieces
  4366 | D:5      | Reached skill level 5 in Fighting
  4366 | D:5      | Reached skill level 7 in Long Blades
  4595 | D:5      | Reached * piety under Cheibriados
  4596 | D:5      | Reached XP level 8. HP: 62/62 MP: 8/8
  4785 | D:6      | Reached skill level 8 in Long Blades
  4808 | D:6      | Noticed Edmund
  4815 | D:6      | Killed Edmund
  4952 | D:6      | Reached skill level 9 in Long Blades
  5052 | D:6      | Found Tiph's General Store.
  5060 | D:6      | Bought a scroll of identify for 30 gold pieces
  5107 | D:6      | Reached skill level 5 in Shields
  5663 | D:5      | Reached XP level 9. HP: 62/64 MP: 9/9
  5735 | D:5      | Reached ** piety under Cheibriados
  5798 | D:7      | Identified the "Lonewkodgh"
  5881 | D:7      | Noticed Joseph
  6120 | D:7      | HP: 2/69 [Joseph/+3 quarterstaff of speed (9)]
  6122 | D:7      | Killed Joseph
  6123 | D:7      | Reached skill level 1 in Invocations
  6465 | D:7      | Reached skill level 10 in Long Blades
  6704 | D:7      | Noticed Jeremiah
  6711 | D:8      | Noticed a death yak
  6711 | D:8      | Found Inoy's Weapon Boutique.
  6880 | D:8      | Killed a death yak
  7015 | D:8      | Noticed a death yak
  7035 | D:8      | Killed a death yak
  7036 | D:8      | Reached skill level 11 in Long Blades
  7036 | D:8      | Reached XP level 10. HP: 25/79 MP: 11/11
  7161 | D:8      | Found a staircase to the Lair.
  7164 | D:8      | Noticed Pikel
  7177 | D:8      | Noticed a death yak
  7503 | D:8      | Reached *** piety under Cheibriados
  7582 | D:8      | Found a runed translucent door.
  7589 | D:8      | Noticed Forgeling's ghost (novice OpVM)
  7619 | D:8      | Killed Pikel
  7620 | D:8      | Reached skill level 5 in Dodging
  7948 | D:8      | Killed a death yak
  8144 | D:8      | Noticed Psyche
  8158 | D:8      | Killed Psyche
  8159 | D:8      | Reached skill level 12 in Long Blades
  8348 | D:8      | Found Exeiv's Antique Weapon Emporium.
  8511 | D:8      | Reached **** piety under Cheibriados
  8563 | D:8      | Noticed Maggie
  8581 | D:8      | Killed Maggie
  8668 | D:8      | Reached XP level 11. HP: 50/86 MP: 13/13
  9406 | D:9      | Reached skill level 13 in Long Blades
  9442 | D:9      | HP: 2/87 [orc priest/divine providence (8)]
  9445 | D:9      | Killed from afar by an orc priest

Illustrated notes

Levels and vault maps discovered:
D:1:      saegor_arrival_simple_d, layout_loops_corners
D:2:      layout_loops_ring
D:3:      layout_basic, uniq_grinder, uniq_natasha
D:4:      layout_loops_corners, amcnicky_altar_gilded,
          minmay_temple_entry_nine_rooms, serial_shops,
          nicolae_shop_pleasant_corner_grove, uniq_crazy_yiuf_cottage
D:5:      layout_loops_ring, minitemple, grunt_ministairs_13, minivault_4,
          nicolae_inconvenience_store
D:6:      layout_loops_ring, serial_shops, shop, uniq_edmund
D:7:      layout_basic, serial_park_tiny_pond, kennysheep_small_spiral,
          uniq_joseph, uniq_jeremiah
D:8:      layout_layer_cave, dpeg_lair_monsters, hellmonk_ghost_happy_afterlife,
          serial_shops, kennysheep_mini, grunt_ministairs_15, grunt_livestock,
          nicolae_stop_n_shop_1, uniq_maggie, uniq_pikel, uniq_psyche
D:9:      layout_loops_ring, grunt_temple_overflow_diamond, serial_shops,
          nicolae_shop_behind_doors, minmay_chambers_of_fives
Temple:   nicolae_temple_bog_church

Skill      XL: |  1  2  3  4  5  6  7  8  9 10 11 |
---------------+----------------------------------+-----
Armour         | 4 5 6 8 9 |  9.8
Fighting       | 4 5 6 7 8 |  8.6
Long Blades    | 3 5 6 7 9 11 12 13 | 13.0
Dodging        | 1 2 3 4 5 |  5.7
Shields        | 4 5 6 7 |  7.2
Invocations    | 2 3 |  3.6

Action                     |  1- 3 |  4- 6 |  7- 9 | 10-12 || total
---------------------------+-------+-------+-------+-------++-------
  Melee: Long sword        |    74 |   102 |   299 |   260 ||   735
 Invoke: Bend Time         |       |       |       |     1 ||     1
Ability: Hop               |       |       |     3 |     4 ||     7
  Evoke: Wand              |       |       |    12 |     4 ||    16
    Use: Potion            |       |     2 |     1 |       ||     3
         Scroll            |       |     6 |     7 |     6 ||    19
 Armour: Scale mail        |    37 |    79 |    24 |       ||   140
         Chain mail        |       |       |   247 |   179 ||   426
  Dodge: Dodged            |    24 |    45 |   153 |   131 ||   353
  Block: Buckler           |    18 |    22 |   115 |    90 ||   245

Table legend: (Time is in decaauts)
 A = Elapsed time spent in this place.
 B = Non-inter-level travel time spent in this place.
 C = Inter-level travel time spent in this place.
 D = Time resting spent in this place.
 E = Time spent auto-exploring this place.
 F = Levels seen in this place.
 G = Mean time per level.
                   A        B        C        D        E       F      G
               +--------+--------+--------+--------+--------+-----+--------+
         Total |  12527 |  12334 |    193 |   1223 |   7928 |  10 | 1252.7 |
       Dungeon |  12422 |  12229 |    193 |   1223 |   7928 |   9 | 1380.2 |
        Temple |    105 |    105 |      0 |      0 |      0 |   1 |  105.0 |
               +--------+--------+--------+--------+--------+-----+--------+

Top non-repeatable levels by time:
     D:8: 3659 daAuts
     D:4: 1623 daAuts
     D:6: 1563 daAuts
     D:7: 1353 daAuts
     D:5: 1267 daAuts
     D:3: 1193 daAuts
     D:1: 963 daAuts
     D:2: 748 daAuts
  Temple: 105 daAuts
     D:9: 48 daAuts
